Map: Automaton LE

Players

FeverNight

  • Race: Terran Terran
  • League: Gold
  • Spawn Location: 3:00

A.I. 1 (Very Easy)

  • Race: Terran Terran
  • Spawn Location: 9:00

VOD

Have the link to the VOD?

Description

Time

  • Played on: April 28, 2019, 2:29 p.m.
  • Length: 19:05
Show
View Real Time Build Order
Export as new Build Order

FeverNight Terran 

Build Orders: Banshee Rush 

Get SALT Encoding   

    0:14  Orbital Command  
    0:27  SCV x12  
    0:37  Protoss Ground Armor Level 3, Terran Infantry Armor Level 3, Zerg Flyer Weapons Level 3, Terran Vehicle Armor Level 3, Protoss Air Weapons Level 3, Zerg Melee Weapons Level 3, Protoss Air Armor Level 3, Terran Vehicle Weapons Level 3, Terran Ship Weapons Level 3, Zerg Missile Weapons Level 3, Zerg Ground Armor Level 3, Terran Ship Armor Level 3, Terran Infantry Weapons Level 3, Protoss Ground Weapons Level 3, Zerg Flyer Armor Level 3, Protoss Shields Level 3  
    0:40  SCV  
  13  0:52  SCV  
  14  0:58  Supply Depot, Terran Ship Armor Level 2, Terran Infantry Armor Level 2, Protoss Air Armor Level 2, Zerg Flyer Armor Level 2, Terran Vehicle Weapons Level 2, Protoss Ground Armor Level 2, Zerg Flyer Weapons Level 2, Zerg Ground Armor Level 2, Terran Vehicle Armor Level 2, Protoss Ground Weapons Level 2, Zerg Melee Weapons Level 2, Terran Infantry Weapons Level 2, Zerg Missile Weapons Level 2, Protoss Air Weapons Level 2, Protoss Shields Level 2, Terran Ship Weapons Level 2  
  14  1:04  SCV  
  15  1:13  Blink, Stimpack  
  15  1:20  Protoss Air Weapons Level 1, SCV, Protoss Ground Armor Level 1, Protoss Ground Weapons Level 1, Terran Ship Weapons Level 1, Zerg Flyer Weapons Level 1, Terran Infantry Armor Level 1, Protoss Shields Level 1, Zerg Missile Weapons Level 1, Terran Vehicle Weapons Level 1, Zerg Ground Armor Level 1, Terran Ship Armor Level 1, Terran Infantry Weapons Level 1, Protoss Air Armor Level 1, Zerg Flyer Armor Level 1, Zerg Melee Weapons Level 1, Terran Vehicle Armor Level 1  
  15  1:21  Barracks  
  16  1:26  Refinery  
  17  1:34  Extended Thermal Lance, Warp Gate, Charge, Neosteel Armor, Weapon Refit, Resonating Glaives  
  17  1:38  Refinery  
  17  1:41  Adrenal Glands, Ventral Sacs  
  17  1:47  Enduring Locusts  
  17  1:48  Personal Cloaking  
  17  1:55  Corvid Reactor, Infernal Pre-Igniter, Glial Reconstitution, Tunneling Claws, Neural Parasite, Neosteel Frame, Centrifical Hooks, Chitinous Plating, Cloaking Field, Metabolic Boost, Psionic Storm, Durable Materials, Combat Shield  
  17  1:58  SCV  
  17  2:03  Burrow, Muscular Augments x2  
  17  2:10  SCV  
  18  2:17  Moebius Reactor, Caduceus Reactor, Gravitic Boosters, Behemoth Reactor, Gravitic Drive, Graviton Catapult, Pathogen Glands, Hi-Sec Auto Tracking  
  18  2:22  SCV  
  19  2:31  Concussive Shells, Pneumatized Carapace  
  19  2:36  Orbital Command  
  19  2:38  Supply Depot  
  20  2:58  Protoss Ground Armor Level 3, Terran Infantry Armor Level 3, Zerg Flyer Weapons Level 3, Terran Vehicle Armor Level 3, Protoss Air Weapons Level 3, Zerg Melee Weapons Level 3, Protoss Air Armor Level 3, Terran Vehicle Weapons Level 3, Terran Ship Weapons Level 3, Zerg Missile Weapons Level 3, Zerg Ground Armor Level 3, Terran Ship Armor Level 3, Terran Infantry Weapons Level 3, Protoss Ground Weapons Level 3, Zerg Flyer Armor Level 3, Protoss Shields Level 3  
  21  3:14  Unknown x5  
  21  3:16  SCV x12  
  21  3:19  Terran Ship Armor Level 2, Terran Infantry Armor Level 2, Protoss Air Armor Level 2, Zerg Flyer Armor Level 2, Terran Vehicle Weapons Level 2, Protoss Ground Armor Level 2, Zerg Flyer Weapons Level 2, Zerg Ground Armor Level 2, Terran Vehicle Armor Level 2, Protoss Ground Weapons Level 2, Zerg Melee Weapons Level 2, Terran Infantry Weapons Level 2, Zerg Missile Weapons Level 2, Protoss Air Weapons Level 2, Protoss Shields Level 2, Terran Ship Weapons Level 2  
    3:28  Unknown  
    3:29  SCV  
  13  3:34  Blink, Stimpack  
  13  3:41  Protoss Air Weapons Level 1, Zerg Flyer Armor Level 1, Protoss Ground Armor Level 1, Protoss Ground Weapons Level 1, Terran Ship Weapons Level 1, Zerg Flyer Weapons Level 1, Terran Infantry Armor Level 1, Protoss Shields Level 1, Zerg Missile Weapons Level 1, Terran Vehicle Weapons Level 1, SCV, Zerg Ground Armor Level 1, Terran Ship Armor Level 1, Terran Infantry Weapons Level 1, Protoss Air Armor Level 1, Zerg Melee Weapons Level 1, Terran Vehicle Armor Level 1  
  13  3:47  Supply Depot  
  14  3:51  Protoss Ground Armor Level 3, Terran Infantry Armor Level 3, Zerg Flyer Weapons Level 3, Terran Vehicle Armor Level 3, Protoss Air Weapons Level 3, Zerg Melee Weapons Level 3, Protoss Air Armor Level 3, Terran Vehicle Weapons Level 3, Terran Ship Weapons Level 3, Zerg Missile Weapons Level 3, Zerg Ground Armor Level 3, Terran Ship Armor Level 3, Terran Infantry Weapons Level 3, Protoss Ground Weapons Level 3, Zerg Flyer Armor Level 3, Protoss Shields Level 3  
  14  3:53  SCV  
  14  3:55  Extended Thermal Lance, Warp Gate, Charge, Neosteel Armor, Weapon Refit, Resonating Glaives  
  15  4:02  Adrenal Glands, Ventral Sacs  
  15  4:08  SCV, Enduring Locusts  
  15  4:09  Personal Cloaking  
  16  4:10  Barracks  
  16  4:12  Terran Ship Armor Level 2, Terran Infantry Armor Level 2, Protoss Air Armor Level 2, Zerg Flyer Armor Level 2, Terran Vehicle Weapons Level 2, Protoss Ground Armor Level 2, Zerg Flyer Weapons Level 2, Zerg Ground Armor Level 2, Terran Vehicle Armor Level 2, Protoss Ground Weapons Level 2, Zerg Melee Weapons Level 2, Terran Infantry Weapons Level 2, Zerg Missile Weapons Level 2, Protoss Air Weapons Level 2, Protoss Shields Level 2, Terran Ship Weapons Level 2  
  16  4:16  Corvid Reactor, Infernal Pre-Igniter, Glial Reconstitution, Tunneling Claws, Neural Parasite, Neosteel Frame, Centrifical Hooks, Chitinous Plating, Cloaking Field, Metabolic Boost, Psionic Storm, Durable Materials, Combat Shield  
  16  4:17  Refinery  
  16  4:20  SCV  
  17  4:24  Burrow, Muscular Augments x2  
  17  4:27  Blink, Refinery, Stimpack  
  17  4:32  SCV  
  17  4:34  Protoss Air Weapons Level 1, Zerg Flyer Armor Level 1, Protoss Ground Armor Level 1, Protoss Ground Weapons Level 1, Terran Ship Weapons Level 1, Zerg Flyer Weapons Level 1, Terran Infantry Armor Level 1, Protoss Shields Level 1, Zerg Missile Weapons Level 1, Terran Vehicle Weapons Level 1, Zerg Ground Armor Level 1, Terran Ship Armor Level 1, Terran Infantry Weapons Level 1, Protoss Air Armor Level 1, Zerg Melee Weapons Level 1, Terran Vehicle Armor Level 1  
  17  4:38  Moebius Reactor, Caduceus Reactor, Gravitic Boosters, Behemoth Reactor, Gravitic Drive, Graviton Catapult, Pathogen Glands, Hi-Sec Auto Tracking  
  18  4:41  Supply Depot  
  18  4:45  SCV  
  19  4:48  Extended Thermal Lance, Warp Gate, Charge, Neosteel Armor, Weapon Refit, Resonating Glaives  
  19  4:52  Concussive Shells, Pneumatized Carapace  
  19  4:55  Adrenal Glands, Ventral Sacs  
  19  4:57  SCV  
  20  5:01  Enduring Locusts  
  20  5:02  Personal Cloaking  
  20  5:09  SCV, Infernal Pre-Igniter, Glial Reconstitution, Tunneling Claws, Neural Parasite, Neosteel Frame, Centrifical Hooks, Chitinous Plating, Cloaking Field, Corvid Reactor, Metabolic Boost, Psionic Storm, Durable Materials, Combat Shield  
  22  5:17  Burrow, Muscular Augments x2  
  22  5:22  Factory  
  22  5:31  Moebius Reactor, Caduceus Reactor, Gravitic Boosters, Behemoth Reactor, Gravitic Drive, Graviton Catapult, Pathogen Glands, Hi-Sec Auto Tracking  
  22  5:35  Unknown x5  
    5:45  Concussive Shells, Pneumatized Carapace  
    5:51  SCV x12  
    6:03  Unknown  
  12  6:04  SCV  
  13  6:17  Orbital Command  
  14  6:28  Unknown x5  
  14  6:30  SCV x12  
    6:43  SCV  
  13  6:55  SCV  
  13  7:01  Supply Depot  
  14  7:07  SCV  
  15  7:22  SCV  
  16  7:23  Barracks  
  16  7:30  Refinery  
  16  7:34  SCV  
  17  7:41  Refinery  
  17  7:46  SCV  
  18  7:58  SCV  
  19  8:11  Supply Depot  
  19  8:13  Reaper  
  19  8:17  Orbital Command  
  20  8:32  Factory  
  20  8:42  SCV  
  20  8:46  Marine  
  22  8:55  Barracks, SCV  
  23  9:07  Barracks, SCV  
  24  9:19  Starport  
  24  9:21  SCV  
  25  9:29  Hellion  
  25  9:30  Marine  
  28  9:33  SCV  
  29  9:40  Supply Depot  
  29  9:45  SCV  
  30  9:53  Marine  
  31  10:02  Marine  
  31  10:04  Fusion Core  
  31  10:05  Medivac  
  34  10:15  Factory Tech Lab  
  34  10:16  SCV  
  34  10:19  Marine  
  34  10:20  Marine  
  37  10:28  Supply Depot, SCV  
  38  10:44  SCV  
  39  10:52  Battlecruiser  
  45  10:57  Supply Depot  
  45  11:00  Marine  
  45  11:02  Marine  
  47  11:19  SCV  
  47  11:21  Supply Depot  
  48  11:31  SCV  
  48  11:42  Command Center  
  48  11:49  SCV  
  48  11:51  Barracks Tech Lab  
  48  11:52  Factory Tech Lab  
  49  11:55  Marine x2  
  49  12:01  Supply Depot  
  51  12:29  Stimpack  
  49  12:32  SCV  
  49  12:35  Siege Tank  
  53  12:39  Command Center  
  53  12:54  Marine  
  53  12:55  Marine, Marauder  
  53  12:57  SCV x2  
  59  13:01  Engineering Bay x2  
  59  13:15  Starport Reactor  
  59  13:16  Barracks Reactor x2  
  59  13:20  Orbital Command  
  59  13:23  Refinery  
  59  13:24  Refinery, Marauder  
  59  13:26  SCV  
  62  13:27  Siege Tank  
  62  13:30  Supply Depot  
  62  13:33  Terran Infantry Weapons Level 1, Terran Infantry Armor Level 1  
  65  13:58  Orbital Command  
  65  14:00  SCV x2  
  67  14:03  Siege Tank  
  67  14:05  Marine x4, Marauder  
  76  14:20  Barracks  
  76  14:22  Medivac x2  
  80  14:24  Marine  
  80  14:25  Marine x3  
  80  14:31  Marauder  
  86  14:33  Combat Shield  
  86  14:35  SCV x3  
  89  14:41  Supply Depot  
  89  14:46  Siege Tank  
  89  14:50  SCV x3  
  95  15:03  Marine x3, Marauder  
  95  15:04  Marine  
  101  15:10  Supply Depot  
  101  15:12  SCV x2  
  101  15:13  SCV  
  104  15:18  Siege Tank  
  104  15:19  Medivac x2  
  111  15:21  Concussive Shells  
  111  15:24  Marine x3  
  111  15:25  Marine  
  111  15:27  SCV x2  
  117  15:32  SCV  
  118  15:36  Supply Depot  
  118  15:39  Supply Depot  
  118  15:45  SCV x3  
  121  15:50  Siege Tank  
  124  15:58  Viking  
  124  16:01  Supply Depot  
  124  16:02  Supply Depot  
  124  16:03  SCV x3  
  124  16:04  Armory  
  129  16:16  Marauder  
  129  16:17  Marine x3  
  134  16:21  Marine  
  134  16:24  Marauder  
  140  16:25  Siege Tank  
  140  16:26  Liberator x2  
  140  16:28  SCV x3  
  143  16:35  Refinery  
  143  16:38  Refinery, Marauder  
  145  16:46  Marine x4  
  145  16:47  Marine  
  155  16:49  SCV  
  155  16:52  Supply Depot  
  155  16:53  Supply Depot  
  157  17:13  SCV x2  
  157  17:14  Marauder  
  161  17:56  SCV x3  
  166  17:59  Siege Tank  
  166  18:00  Medivac x2  
  166  18:02  Marauder  
  173  18:06  Supply Depot  
  173  18:12  Supply Depot  
  173  18:13  Supply Depot  
  182  18:44  SCV x2  
Show
View Real Time Build Order
Export as new Build Order

A.I. 1 (Very Easy) Terran 

Build Orders: Command Center First (CC), Banshee Rush 

Get SALT Encoding   

    0:27  SCV x12  
    0:37  Protoss Ground Armor Level 3, Terran Infantry Armor Level 3, Zerg Flyer Weapons Level 3, Terran Vehicle Armor Level 3, Protoss Air Weapons Level 3, Zerg Melee Weapons Level 3, Protoss Air Armor Level 3, Terran Vehicle Weapons Level 3, Terran Ship Weapons Level 3, Zerg Missile Weapons Level 3, Zerg Ground Armor Level 3, Terran Ship Armor Level 3, Terran Infantry Weapons Level 3, Protoss Ground Weapons Level 3, Zerg Flyer Armor Level 3, Protoss Shields Level 3  
    0:39  Unknown  
    0:42  SCV  
  13  0:54  SCV  
  14  0:58  Terran Ship Armor Level 2, Terran Infantry Armor Level 2, Protoss Air Armor Level 2, Zerg Flyer Armor Level 2, Terran Vehicle Weapons Level 2, Protoss Ground Armor Level 2, Zerg Flyer Weapons Level 2, Zerg Ground Armor Level 2, Terran Vehicle Armor Level 2, Protoss Ground Weapons Level 2, Zerg Melee Weapons Level 2, Terran Infantry Weapons Level 2, Zerg Missile Weapons Level 2, Protoss Air Weapons Level 2, Protoss Shields Level 2, Terran Ship Weapons Level 2  
  14  1:00  Supply Depot  
  14  1:06  SCV  
  15  1:13  Blink, Stimpack  
  15  1:20  Protoss Air Weapons Level 1, Zerg Flyer Armor Level 1, Protoss Ground Armor Level 1, Protoss Ground Weapons Level 1, Terran Ship Weapons Level 1, Zerg Flyer Weapons Level 1, Terran Infantry Armor Level 1, Protoss Shields Level 1, Zerg Missile Weapons Level 1, Terran Vehicle Weapons Level 1, Zerg Ground Armor Level 1, Terran Ship Armor Level 1, Terran Infantry Weapons Level 1, Protoss Air Armor Level 1, Zerg Melee Weapons Level 1, Terran Vehicle Armor Level 1  
  15  1:21  SCV  
  16  1:34  Extended Thermal Lance, Warp Gate, Charge, Neosteel Armor, Weapon Refit, Resonating Glaives  
  17  1:41  Adrenal Glands, Ventral Sacs  
  17  1:47  Enduring Locusts  
  17  1:48  Personal Cloaking  
  17  1:55  Corvid Reactor, Infernal Pre-Igniter, Glial Reconstitution, Tunneling Claws, Neural Parasite, Neosteel Frame, Centrifical Hooks, Chitinous Plating, Cloaking Field, Metabolic Boost, Psionic Storm, Durable Materials, Combat Shield  
  17  1:59  SCV  
  17  2:03  Burrow, Muscular Augments x2  
  17  2:11  Command Center  
  17  2:17  Moebius Reactor, Caduceus Reactor, Gravitic Boosters, Behemoth Reactor, Gravitic Drive, Graviton Catapult, Pathogen Glands, Hi-Sec Auto Tracking  
  17  2:21  Barracks  
  17  2:26  Refinery  
  17  2:31  Concussive Shells, Pneumatized Carapace  
  17  2:36  Supply Depot  
  17  2:44  Refinery  
  17  2:58  Protoss Ground Armor Level 3, Terran Infantry Armor Level 3, Zerg Flyer Weapons Level 3, Terran Vehicle Armor Level 3, Protoss Air Weapons Level 3, Zerg Melee Weapons Level 3, Protoss Air Armor Level 3, Terran Vehicle Weapons Level 3, Terran Ship Weapons Level 3, Zerg Missile Weapons Level 3, Zerg Ground Armor Level 3, Terran Ship Armor Level 3, Terran Infantry Weapons Level 3, Protoss Ground Weapons Level 3, Zerg Flyer Armor Level 3, Protoss Shields Level 3  
  17  3:14  Unknown x5  
  17  3:16  SCV x12  
  17  3:19  Terran Ship Armor Level 2, Terran Infantry Armor Level 2, Protoss Air Armor Level 2, Zerg Flyer Armor Level 2, Terran Vehicle Weapons Level 2, Protoss Ground Armor Level 2, Zerg Flyer Weapons Level 2, Zerg Ground Armor Level 2, Terran Vehicle Armor Level 2, Protoss Ground Weapons Level 2, Zerg Melee Weapons Level 2, Terran Infantry Weapons Level 2, Zerg Missile Weapons Level 2, Protoss Air Weapons Level 2, Protoss Shields Level 2, Terran Ship Weapons Level 2  
    3:28  Unknown  
    3:29  SCV  
  13  3:34  Blink, Stimpack  
  14  3:41  Protoss Air Weapons Level 1, SCV, Protoss Ground Armor Level 1, Protoss Ground Weapons Level 1, Terran Ship Weapons Level 1, Zerg Flyer Weapons Level 1, Terran Infantry Armor Level 1, Protoss Shields Level 1, Zerg Missile Weapons Level 1, Terran Vehicle Weapons Level 1, Zerg Ground Armor Level 1, Terran Ship Armor Level 1, Terran Infantry Weapons Level 1, Protoss Air Armor Level 1, Zerg Flyer Armor Level 1, Zerg Melee Weapons Level 1, Terran Vehicle Armor Level 1  
  14  3:49  Supply Depot  
  14  3:51  Protoss Ground Armor Level 3, Terran Infantry Armor Level 3, Zerg Flyer Weapons Level 3, Terran Vehicle Armor Level 3, Protoss Air Weapons Level 3, Zerg Melee Weapons Level 3, Protoss Air Armor Level 3, Terran Vehicle Weapons Level 3, Terran Ship Weapons Level 3, Zerg Missile Weapons Level 3, Zerg Ground Armor Level 3, Terran Ship Armor Level 3, Terran Infantry Weapons Level 3, Protoss Ground Weapons Level 3, Zerg Flyer Armor Level 3, Protoss Shields Level 3  
  14  3:53  SCV  
  14  3:55  Extended Thermal Lance, Warp Gate, Charge, Neosteel Armor, Weapon Refit, Resonating Glaives  
  15  4:02  Adrenal Glands, Ventral Sacs  
  15  4:08  Enduring Locusts  
  15  4:09  Personal Cloaking  
  15  4:10  SCV  
  15  4:12  Terran Ship Armor Level 2, Terran Infantry Armor Level 2, Protoss Air Armor Level 2, Zerg Flyer Armor Level 2, Terran Vehicle Weapons Level 2, Protoss Ground Armor Level 2, Zerg Flyer Weapons Level 2, Zerg Ground Armor Level 2, Terran Vehicle Armor Level 2, Protoss Ground Weapons Level 2, Zerg Melee Weapons Level 2, Terran Infantry Weapons Level 2, Zerg Missile Weapons Level 2, Protoss Air Weapons Level 2, Protoss Shields Level 2, Terran Ship Weapons Level 2  
  15  4:16  Corvid Reactor, Infernal Pre-Igniter, Glial Reconstitution, Tunneling Claws, Neural Parasite, Neosteel Frame, Centrifical Hooks, Chitinous Plating, Cloaking Field, Metabolic Boost, Psionic Storm, Durable Materials, Combat Shield  
  16  4:22  SCV  
  17  4:24  Barracks, Burrow, Muscular Augments x2  
  17  4:27  Blink, Stimpack  
  17  4:34  Protoss Air Weapons Level 1, Zerg Flyer Armor Level 1, Protoss Ground Armor Level 1, Protoss Ground Weapons Level 1, Terran Ship Weapons Level 1, Zerg Flyer Weapons Level 1, Terran Infantry Armor Level 1, Protoss Shields Level 1, Zerg Missile Weapons Level 1, Terran Vehicle Weapons Level 1, Zerg Ground Armor Level 1, Terran Ship Armor Level 1, Terran Infantry Weapons Level 1, Protoss Air Armor Level 1, Zerg Melee Weapons Level 1, Terran Vehicle Armor Level 1  
  17  4:35  SCV  
  17  4:38  Moebius Reactor, Caduceus Reactor, Gravitic Boosters, Behemoth Reactor, Gravitic Drive, Graviton Catapult, Pathogen Glands, Hi-Sec Auto Tracking  
  18  4:48  Extended Thermal Lance, Warp Gate, Charge, Neosteel Armor, Weapon Refit, Resonating Glaives  
  18  4:52  Command Center, Concussive Shells, Pneumatized Carapace  
  18  4:55  Adrenal Glands, Ventral Sacs  
  18  4:56  Refinery  
  18  5:01  Enduring Locusts  
  18  5:02  Personal Cloaking  
  18  5:09  Corvid Reactor, Infernal Pre-Igniter, Glial Reconstitution, Tunneling Claws, Neural Parasite, Neosteel Frame, Centrifical Hooks, Chitinous Plating, Cloaking Field, Metabolic Boost, Psionic Storm, Durable Materials, Combat Shield, Supply Depot  
  18  5:12  Refinery, Marine  
  19  5:17  Burrow, Muscular Augments x2  
  20  5:31  Moebius Reactor, Caduceus Reactor, Gravitic Boosters, Behemoth Reactor, Gravitic Drive, Graviton Catapult, Pathogen Glands, Hi-Sec Auto Tracking  
  20  5:35  Unknown x5  
    5:45  Concussive Shells, Pneumatized Carapace  
    5:51  SCV x12  
    6:03  SCV, Unknown  
  14  6:28  Unknown x5  
  14  6:30  SCV x12  
    6:42  Unknown  
    6:43  SCV  
  13  6:55  SCV  
  14  7:03  Supply Depot  
  14  7:07  SCV  
  15  7:43  Command Center  
  15  7:59  Refinery  
  15  8:02  Barracks  
  15  8:08  SCV  
  16  8:18  Refinery  
  16  8:29  Supply Depot  
  16  8:32  SCV  
  17  8:45  SCV  
  18  8:51  Marine  
  19  8:57  SCV  
  19  9:01  SCV  
  21  9:09  SCV  
  22  9:15  SCV  
  23  9:22  SCV  
  24  9:26  Marine  
  24  9:30  SCV  
  26  9:37  SCV  
  27  9:44  SCV  
  28  9:51  SCV  
  29  9:55  Factory  
  29  10:00  Marine  
  30  10:34  Marine  
  31  10:41  Starport  
  31  11:09  Barracks Tech Lab  
  31  11:16  Supply Depot  
  31  11:17  Medivac  
  33  11:27  Marine  
  33  11:44  Marine  
  31  11:48  Starport Tech Lab  
  31  12:02  Marine  
  31  12:06  Medivac  
  31  12:07  Supply Depot  
  34  12:13  SCV  
  31  12:20  Marine, SCV  
  28  12:28  SCV  
  23  12:35  SCV  
  23  12:36  Raven  
  17  12:38  Marine  
  17  12:42  SCV  
  12  12:49  SCV  
  9  12:56  Marauder  
  9  12:57  SCV  
  10  13:04  SCV  
  9  13:18  SCV, Marauder  
  9  13:19  Raven  
  9  13:30  SCV  
  6  13:39  Marine  
  7  13:42  SCV  
  7  13:43  Refinery  
  4  13:54  SCV  
  5  13:56  Marine  
  8  14:06  SCV  
  4  14:18  SCV  
  4  14:20  Hellion  
  4  14:23  Starport  
  7  14:31  SCV  
  8  14:43  SCV  
  9  14:49  Marauder  
  11  15:01  SCV  
  12  15:19  SCV  
  13  15:42  SCV  
  14  15:54  SCV  
  15  16:06  SCV  
  16  16:18  SCV  
  17  16:30  SCV  
  18  16:54  SCV  
  19  17:07  SCV  
  20  17:19  SCV  
Tags
 
Add a new tag
Caveats
  • Supply blocks, unpowered buildings, or Contaminate may cause inaccurate times.
  • Supply counts are checked every 10 seconds.